 Dungeon Crawl Stone Soup version 0.32-a0-360-gcd93b57ba1 (webtiles) character file.

Game seed: 9428466036771641256

8815 funkygono the Thaumaturge (level 11, -6/54 HPs)
             Began as a Deep Elf Fire Elementalist on Feb 18, 2024.
             Was a Priest of Vehumet.
             Mangled by Urug
             ... wielding a +3 eveningstar
              (8 damage)
             ... on level 10 of the Dungeon.
             The game lasted 00:26:23 (12176 turns).

funkygono the Thaumaturge (DEFE)                   Turns: 12176, Time: 00:26:23

Health: -6/54      AC: 12    Str:  8    XL:     11   Next: 14%
Magic:  17/31      EV: 18    Int: 25    God:    Vehumet [***...]
Gold:   340        SH:  0    Dex: 15    Spells: 25/38 levels left

rFire   + . .        t - +2 short sword (heavy)
rCold   . . .        (no shield)
rNeg    + . .        c - +1 steam dragon scales
rPois   +            (no helmet)
rElec   .            m - +2 cloak
rCorr   .            (no gloves)
SInv    .            j - +2 pair of boots
Will    +....        (no amulet)
Stlth   +++          w - ring of protection from fire
HPRegen 0.29/turn    z - ring of Lotrease {rPois rN+ EV+5 Str+3}
MPRegen 0.22/turn

%: no passive effects
@: no status effects
A: no striking features
a: Renounce Religion


You were on level 10 of the Dungeon.
You worshipped Vehumet.
Vehumet was most pleased with you.
You visited 2 branches of the dungeon, and saw 11 of its levels.
You also visited: Sewer and Bailey.

You collected 406 gold pieces.
You spent 66 gold pieces at shops.

Inventory:

Hand Weapons
 t - a +2 heavy short sword (weapon)
 C - a +2 dagger of draining
Armour
 a - a +2 robe
 c - +1 steam dragon scales (worn)
 j - a +2 pair of boots (worn)
 m - a +2 cloak (worn)
 B - the +1 cloak of the Wasteland {rElec MP-9 Int+2 Dex+3}
   (You found it in a bailey)

   Int+2:     It affects your intelligence (+2).
   Dex+3:     It affects your dexterity (+3).
   rElec:     It insulates you from electricity.
   MP-9:      It affects your magic capacity (-9).
Magical Staves
 y - a staff of death
Jewellery
 w - a ring of protection from fire (left hand)
 z - the ring of Lotrease (right hand) {rPois rN+ EV+5 Str+3}
   (You found it on level 6 of the Dungeon)

   [ring of evasion]

   EV+5:      It affects your evasion (+5).
   Str+3:     It affects your strength (+3).
   rPois:     It protects you from poison rN+: It protects you from negative
   energy.
Talismans
 f - a beast talisman
Wands
 i - a wand of roots (4)
 v - a wand of polymorph (6)
 x - a wand of charming (16)
 D - a wand of mindburst (11)
Scrolls
 d - a scroll of fear
 e - 5 scrolls of blinking
 n - 4 scrolls of teleportation
 r - 2 scrolls of butterflies
 E - a scroll of vulnerability
Potions
 b - 2 potions of magic
 g - 2 potions of heal wounds
 h - 2 potions of mutation
 l - 2 potions of haste
 o - a potion of resistance {unknown}
 p - 5 potions of cancellation
 q - 3 potions of might
 s - 3 potions of brilliance
 u - 7 potions of curing
 A - a potion of experience {unknown}


   Skills:
 + Level 0.2 Fighting
 + Level 1.4 Short Blades
 + Level 4.3 Dodging
 + Level 4.1 Stealth
 + Level 14.3 Spellcasting
 + Level 7.9 Conjurations
 + Level 12.1 Fire Magic


You had 25 spell levels left.
You knew the following spells:

 Your Spells              Type           Power      Damage    Failure   Level
a - Foxfire               Conj/Fire      100%       2x1d9     1%          1
b - Scorch                Fire           100%       2d9       1%          2
c - Volatile Blastmotes   Fire/Tloc      96%        2d18      1%          3
d - Flame Wave            Conj/Fire      61%        2d14      1%          4
e - Searing Ray           Conj           100%       2d8       1%          2
f - Sandblast             Erth           34%        2d9       1%          1

Your spell library contained the following spells:

 Spells                   Type           Power      Damage    Failure   Level
 Ignite Poison            Fire/Alch      48%        N/A       1%          4
 Magic Dart               Conj           100%       1d8       1%          1
 Static Discharge         Conj/Air       74%        3-7/arc   1%          2
 Inner Flame              Hex/Fire       48%        N/A       1%          3
 Fulminant Prism          Conj/Alch      18%        3d11      1%          4
 Summon Small Mammal      Summ           68%        N/A       3%          1
 Ensorcelled Hibernation  Hex/Ice        34%        N/A       4%          2
 Airstrike                Air            8%         2d(2-18)  9%          4
 Passwall                 Erth           17%        N/A       10%         3
 Swiftness                Air            17%        N/A       10%         3
 Vampiric Draining        Necr           17%        2d7       10%         3
 Martyr's Knell           Necr/Summ      17%        N/A       32%         4
 Summon Lightning Spire   Summ/Air       17%        N/A       32%         4
 Summon Forest            Summ/Tloc      9%         N/A       65%         5
 Spellforged Servitor     Conj/Summ      18%        N/A       75%         7


Dungeon Overview and Level Annotations

Branches:
Dungeon (10/15)            Temple (1/1) D:4           Sewer (visited)
 Bailey (visited)
   Lair: D:8-11         Orc: D:9-12

Altars:
Ashenzari
Cheibriados
Dithmenos
Elyvilon
Fedhas
Gozag
Kikubaaqudgha
Makhleb
Nemelex Xobeh
Okawaru
Qazlal
Ru
Sif Muna
Trog
Uskayaw
Vehumet
Wu Jian
Xom
Yredelemnul
Zin
The Shining One

Shops:
D:5 ?   D:7 *

Annotations:
D:10 Urug


Message History

You hear a shout! x2
The foxfire hits Urug!
Urug is heavily wounded.
The foxfire hits Urug but does no damage.
Urug is heavily wounded.
The foxfire hits Urug.
Urug is heavily wounded.
The foxfire hits Urug but does no damage.
Urug is heavily wounded.
The orc priest calls down the wrath of Beogh upon you.
Beogh smites you!
An orc comes into view. It is wielding a +0 club.
A wave of flame ripples out!
The flame wave engulfs Urug.
Urug is heavily wounded.
You hear a shout!
A centaur warrior comes into view.
Urug squints and screams, "A harpy?
Time to die, you blasted buzzard!" Urug misses you.
The centaur warrior wields a +0 orcbow.
The centaur warrior shoots an arrow.
The arrow hits you!
A wave of flame ripples out!
The flame wave engulfs Urug!!
Urug is almost dead.
The flame wave engulfs the orc priest!!
You kill the orc priest!
Vehumet accepts your kill.
You finish channelling waves of flame.
You hear a faint skittering sound.
Urug hits you with a +3 eveningstar!
Unknown command.
Casting: Flame Wave (safe; 1% risk of failure)
Confirm with . or Enter, or press ? or * to list all spells.
Casting: Flame Wave (safe; 1% risk of failure)
Press: ? - help, Dir - look around, f - activate A wave of flame ripples out!
The flame wave engulfs Urug.
Urug is almost dead. (Press . to intensify the flame waves.)
The centaur warrior shoots an arrow.
The arrow hits you!!
* * * LOW HITPOINT WARNING * * *
Urug hits you with a +3 eveningstar!
You die...
Urug says, "One more harpy dead."

######### #........
#........ # #........ ##
#........ .# #.^......
.# #######........ .#
##..............
.########..#####@o......
..........## #........
.########## ##).......
## ####..#c.#### #
#....###o# # #.##.# ...
#.##... #### #.#####.#
..# #


You could see Urug, a centaur warrior and an orc.

Vanquished Creatures
  Erolcha (D:10)
  2 orc knights (Bailey)
  2 kobold demonologists (Bailey)
  2 hornets
  2 trolls (D:9)
  A wyvern (D:10)
  6 yaks (D:10)
  A steam dragon (D:6)
  Menkaure (D:7)
  An acid dragon (D:8)
  2 water moccasins (D:7)
  9 orc warriors
  4 ice beasts
  3 black bears
  A sky beast (D:8)
  An ogre (D:7)
  4 centaurs
  2 kobold brigands (D:9)
  A gnoll sergeant (D:7)
  2 bullfrogs
  2 scorpions (D:5)
  3 howler monkeys (D:7)
  6 electric eels
  A bombardier beetle (D:5)
  5 hounds
  4 jellies
  8 orc priests
  A gnoll bouda (D:8)
  2 sleepcaps
  4 iguanas
  7 orc wizards
  16 gnolls
  15 adders
  5 river rats (Sewer)
  3 white imps
  5 dart slugs
  8 ribbon worms
  42 orcs
  11 ball pythons
  A bat (D:1)
  13 endoplasms
  5 giant cockroaches
  20 goblins
  13 hobgoblins
  4 jackals (D:1)
  15 kobolds
  5 quokkas
  7 frilled lizards
  13 rats
292 creatures vanquished.

Vanquished Creatures (collateral kills)
  2 foxfires (D:7)
2 creatures vanquished.

Vanquished Creatures (others)
  An orc wizard (D:5)
  828 foxfires
829 creatures vanquished.

Grand Total: 1123 creatures vanquished

Notes
Turn   | Place    | Note
-------+----------+-------------------------------------------
     0 | D:1      | funkygono the Deep Elf Fire Elementalist began the quest
                  | for the Orb.
     0 | D:1      | Reached XP level 1. HP: 10/10 MP: 6/6
   235 | D:1      | Reached XP level 2. HP: 15/15 MP: 5/8
   238 | D:1      | Learned a level 2 spell: Scorch
   542 | D:1      | Reached XP level 3. HP: 19/19 MP: 4/9
   546 | D:1      | Learned a level 3 spell: Volatile Blastmotes
  1354 | D:2      | Found a faded altar of an unknown god.
  1364 | D:2      | Reached skill level 4 in Spellcasting
  1364 | D:2      | Reached XP level 4. HP: 24/24 MP: 3/12
  2073 | D:3      | Reached XP level 5. HP: 28/28 MP: 9/14
  2078 | D:3      | Learned a level 4 spell: Flame Wave
  2173 | D:3      | Reached skill level 5 in Spellcasting
  2468 | D:3      | Found an opulent altar of Gozag.
  2468 | D:3      | Found an ancient bone altar of Kikubaaqudgha.
  2714 | D:3      | Reached skill level 5 in Fire Magic
  3025 | D:3      | Reached XP level 6. HP: 32/32 MP: 12/15
  3622 | D:3      | Learned a level 2 spell: Searing Ray
  3818 | D:4      | Found a staircase to the Ecumenical Temple.
  3914 | D:4      | Reached skill level 6 in Spellcasting
  3969 | D:4      | Found a glowing drain.
  3974 | Sewer    | Entered a sewer
  4274 | Sewer    | Reached XP level 7. HP: 36/36 MP: 12/18
  4494 | Sewer    | Found a viscous altar of Jiyva.
  4671 | D:4      | Reached skill level 7 in Spellcasting
  5123 | Temple   | Entered the Ecumenical Temple
  5132 | Temple   | Became a worshipper of Vehumet
  5165 | D:5      | Entered Level 5 of the Dungeon
  5424 | D:5      | Reached XP level 8. HP: 36/41 MP: 18/21
  5518 | D:5      | Reached skill level 8 in Spellcasting
  5708 | D:5      | Found Ixasikh's Magic Scroll Boutique.
  5767 | D:5      | Reached skill level 9 in Spellcasting
  5892 | D:5      | Bought a scroll of identify for 22 gold pieces
  5892 | D:5      | Bought a scroll of identify for 22 gold pieces
  5892 | D:5      | Bought a scroll of identify for 22 gold pieces
  5908 | D:5      | Found a basalt altar of Yredelemnul.
  6002 | D:5      | Reached skill level 5 in Conjurations
  6786 | D:6      | Reached skill level 10 in Spellcasting
  6854 | D:6      | Identified the ring of Lotrease {rPois rN+ EV+5 Str+3}
  7582 | D:6      | Found a stormy altar of Qazlal.
  7783 | D:6      | Found a shimmering altar of Xom.
  7851 | D:7      | Reached XP level 9. HP: 45/45 MP: 21/25
  7899 | D:7      | Reached * piety under Vehumet
  7899 | D:7      | Offered knowledge of Sandblast by Vehumet.
  7943 | D:7      | Identified the +0 chain mail of Philately {+Inv Int-5 Dex+4
                  | Stlth+}
  8105 | D:7      | Noticed Menkaure
  8109 | D:7      | Killed Menkaure
  8285 | D:7      | Reached skill level 1 in Short Blades
  8317 | D:7      | Reached skill level 11 in Spellcasting
  8467 | D:7      | Found Wiefyh's General Store.
  8982 | D:7      | Found a blossoming altar of Fedhas.
  9078 | D:7      | Learned a level 1 spell: Sandblast
  9602 | D:8      | Reached skill level 10 in Fire Magic
  9851 | D:9      | Found a burning altar of Makhleb.
  9990 | D:9      | Offered knowledge of Kiss of Death by Vehumet.
  9990 | D:9      | Noticed a troll
  9993 | D:9      | Reached ** piety under Vehumet
  9998 | D:9      | Killed a troll
  9999 | D:9      | Reached XP level 10. HP: 41/50 MP: 20/27
 10125 | D:9      | Found a flagged portal.
 10131 | Bailey   | Entered a bailey
 10157 | Bailey   | Reached skill level 12 in Spellcasting
 10253 | Bailey   | Noticed an orc knight
 10279 | Bailey   | Killed an orc knight
 10678 | Bailey   | Offered knowledge of Frozen Ramparts by Vehumet.
 10726 | Bailey   | Found an iron altar of Okawaru.
 10738 | Bailey   | Reached skill level 13 in Spellcasting
 10799 | Bailey   | Identified the +1 cloak of the Wasteland {rElec MP-9 Int+2
                  | Dex+3}
 10822 | Bailey   | Got Ompumn's Directory of Doomed Rallying
 10870 | Bailey   | Noticed an orc knight
 10892 | Bailey   | Killed an orc knight
 11325 | D:9      | Reached *** piety under Vehumet
 11883 | D:9      | Acquired a book of Storms
 11902 | D:10     | Entered Level 10 of the Dungeon
 11902 | D:10     | Noticed Erolcha
 11909 | D:10     | Killed Erolcha
 11917 | D:10     | Offered knowledge of Ignite Poison by Vehumet.
 11918 | D:10     | Reached XP level 11. HP: 41/54 MP: 14/30
 11920 | D:10     | Reached skill level 14 in Spellcasting
 12158 | D:10     | Noticed Urug
 12174 | D:10     | Noticed a centaur warrior
 12176 | D:10     | HP: 2/54 [centaur warrior/arrow (18)]
 12176 | D:10     | Mangled by Urug

Illustrated notes

Levels and vault maps discovered:
D:1:      dpeg_arrival_arbitrary_a, layout_basic
D:2:      layout_loops_ring, hellmonk_ecumenical_altar_zigzags
D:3:      layout_basic, gammafunk_temple_overflow_statue, saegor_snake_ambush
D:4:      layout_rooms, minmay_temple_entry_junction, lightli_sewer_entry_pipes
D:5:      layout_basic, mainiacjoe_overflow_alcove_1, serial_shops,
          nicolae_shop_advertising_works [nicolae_subvault_shop_adworks]
D:6:      layout_layer_cave, nicolae_overflow_hidden_temple,
          kennysheep_generic_room_11
D:7:      layout_basic, fedhas_altar_decomposition, serial_shops,
          nicolae_square_shop, serial_bayou_lagoon_b, uniq_menkaure
D:8:      layout_basic
D:9:      layout_loops_ring, mainiacjoe_overflow_concentric_impassable,
          enter_bailey_3
D:10:     layout_rooms, nicolae_hepliaklqana_hazy_memory,
          hangedman_decor_lopped, minivault_12, uniq_erolcha, uniq_erica,
          uniq_urug
Temple:   nicolae_temple_two_arcs

Skill      XL: |  1  2  3  4  5  6  7  8  9 10 11 |
---------------+----------------------------------+-----
Fire Magic     | 4 5 6 8 10 11 12 | 12.1
Dodging        | 3 4 |  4.3
Spellcasting   | 4 5 6 7 10 11 13 14 | 14.3
Conjurations   | 2 3 4 5 6 7 |  7.9
Stealth        | 3 4 |  4.1
Short Blades   | 1 |  1.4
Fighting       | |  0.2

Action                     |  1- 3 |  4- 6 |  7- 9 | 10-12 || total
---------------------------+-------+-------+-------+-------++-------
  Melee: Short sword       |     5 |    17 |    16 |     6 ||    44
   Cast: Foxfire           |    43 |   120 |   219 |    95 ||   477
         Scorch            |     6 |    27 |    42 |    35 ||   110
         Volatile Blastmot |       |     1 |     1 |       ||     2
         Flame Wave        |       |       |     8 |    15 ||    23
    Use: Scroll            |       |    11 |    15 |     1 ||    27
         Potion            |       |       |       |     1 ||     1
 Armour: Robe              |     7 |     9 |     6 |       ||    22
         Steam dragon scal |       |       |    22 |    29 ||    51
  Dodge: Dodged            |     8 |    23 |    36 |    48 ||   115

Table legend: (Time is in decaauts)
 A = Elapsed time spent in this place.
 B = Non-inter-level travel time spent in this place.
 C = Inter-level travel time spent in this place.
 D = Time resting spent in this place.
 E = Time spent auto-exploring this place.
 F = Levels seen in this place.
 G = Mean time per level.
                   A        B        C        D        E       F      G
               +--------+--------+--------+--------+--------+-----+--------+
         Total |  12282 |  11874 |    408 |    318 |   9549 |  13 |  944.8 |
       Dungeon |  10569 |  10171 |    398 |    236 |   8356 |  10 | 1056.9 |
        Temple |     18 |      9 |      9 |      0 |      0 |   1 |   18.0 |
         Sewer |    629 |    629 |      0 |      0 |    474 |   1 |  629.0 |
        Bailey |   1063 |   1063 |      0 |     82 |    719 |   1 | 1063.0 |
               +--------+--------+--------+--------+--------+-----+--------+

Top non-repeatable levels by time:
     D:3: 1744 daAuts
     D:6: 1428 daAuts
     D:7: 1286 daAuts
     D:5: 1237 daAuts
     D:9: 1095 daAuts
  Bailey: 1063 daAuts
     D:1: 1027 daAuts
     D:2: 972 daAuts
     D:4: 849 daAuts
     D:8: 738 daAuts
   Sewer: 629 daAuts
    D:10: 188 daAuts
  Temple: 18 daAuts
